NWL (28 & UNDER)
RIVERSIDE RED BULLS @ CULVER CITY EXTRAS
04/13/2023
 
TOP OF THE 1ST
Riverside Red Bulls batting - Pitching for Culver City Extras : LHP Greg Taylor
Pitching: LHP Greg Taylor
Batting: SHB Chun-yeong Kim 0-0: Fly out, F9 (Line Drive, 9M)
Batting: RHB Júlio García 0-0: Ball
1-0: Ball
2-0: Called Strike
2-1: Ground out 5-3 (Groundball, 5S)
Batting: RHB Andy Aiton 0-0: Called Strike
0-1: Ball
1-1: SINGLE (Groundball, 4D)
Batting: LHB Jorge Meléndez 0-0: SINGLE (Line Drive, 89S)
Andy Aiton to second
Batting: LHB Aroghetto Dionisotti 0-0: Ball
1-0: Ball
2-0: Ball
3-0: Base on Balls
Andy Aiton to third
Jorge Meléndez to second
Batting: RHB Joe Scott 0-0: Ball
1-0: Foul Ball, location: 2F
1-1: SINGLE (Groundball, 6MD)
Andy Aiton scores
Jorge Meléndez to third
Aroghetto Dionisotti to second
Runner from 3rd tries for Home, SAFE, no throw or cutoff
Batting: RHB Soshu Nakamura 0-0: DOUBLE (Flyball, 89M)
Aroghetto Dionisotti scores
Joe Scott to third
Batting: RHB José Zúñiga 0-0: Called Strike
0-1: Swinging Strike
0-2: Strikes out swinging
Top of the 1st over - 3 run(s), 4 hit(s), 0 error(s), 2 left on base; Riverside 3 - Culver City 0
BOTTOM OF THE 1ST
Culver City Extras batting - Pitching for Riverside Red Bulls : RHP Emílio Núñez
Pitching: RHP Emílio Núñez
Batting: LHB Alan Olson 0-0: Called Strike
0-1: Ball
1-1: Ball
2-1: Fly out, F4 (Line Drive, 4)
Batting: RHB Sergio Pujols 0-0: Ball
1-0: Called Strike
1-1: Swinging Strike
1-2: Strikes out swinging
Batting: RHB Marvin Workman 0-0: Swinging Strike
0-1: Called Strike
0-2: Strikes out swinging
Bottom of the 1st over - 0 run(s), 0 hit(s), 0 error(s), 0 left on base; Riverside 3 - Culver City 0
TOP OF THE 2ND
Riverside Red Bulls batting - Pitching for Culver City Extras : LHP Greg Taylor
Batting: SHB Sloan James 0-0: Ball
1-0: Called Strike
1-1: Called Strike
1-2: Ball
2-2: Foul Ball, location: 2F
2-2: SINGLE (Line Drive, 6D)
Batting: SHB Chun-yeong Kim 0-0: Ball
1-0: Called Strike
1-1: Ball
2-1: Ball
3-1: Base on Balls
Sloan James to second
Batting: RHB Júlio García 0-0: Fly out, F7 (Line Drive, 7D)
Batting: RHB Andy Aiton 0-0: Ball
Wild Pitch!
Sloan James to third
Chun-yeong Kim to second
1-0: 3-RUN HOME RUN (Flyball, 78XD), Distance : 408 ft
Batting: LHB Jorge Meléndez 0-0: Called Strike
0-1: Ball
1-1: Ball
2-1: SINGLE (Groundball, 2R) (infield hit)
Batting: LHB Aroghetto Dionisotti 0-0: Ball
1-0: Foul Ball, location: 2F
1-1: Foul Ball, location: 2F
1-2: Ball
2-2: Ball
3-2: Fielders Choice at 2nd, 4-6 (Groundball, 4)
Batting: RHB Joe Scott 0-0: Foul Ball, location: 2F
0-1: Foul Ball, location: 2F
0-2: Ball
1-2: Ball
2-2: Ball
3-2: Fly out, F4 (Popup, 4)
Top of the 2nd over - 3 run(s), 3 hit(s), 0 error(s), 1 left on base; Riverside 6 - Culver City 0
BOTTOM OF THE 2ND
Culver City Extras batting - Pitching for Riverside Red Bulls : RHP Emílio Núñez
Batting: SHB Cipriano Soto 0-0: Called Strike
0-1: Swinging Strike
0-2: SOLO HOME RUN (Flyball, 7D), Distance : 363 ft
Batting: RHB António Rodríguez 0-0: Ball
1-0: Called Strike
1-1: Ball
2-1: Ground out 6-3 (Groundball, 6)
Batting: RHB Axel Guimont 0-0: Swinging Strike
0-1: Swinging Strike
0-2: Ball
1-2: Strikes out swinging
Batting: RHB Paul Ayers 0-0: Called Strike
0-1: Ball
1-1: Ball
2-1: Foul Ball, location: 2F
2-2: Foul Ball, location: 2F
2-2: Foul Ball, location: 2F
2-2: Ground out 5-3 (Groundball, 56)
Bottom of the 2nd over - 1 run(s), 1 hit(s), 0 error(s), 0 left on base; Riverside 6 - Culver City 1
TOP OF THE 3RD
Riverside Red Bulls batting - Pitching for Culver City Extras : LHP Greg Taylor
Batting: RHB Soshu Nakamura 0-0: Called Strike
0-1: Called Strike
0-2: Strikes out swinging
Batting: RHB José Zúñiga 0-0: Ball
1-0: Called Strike
1-1: Foul Ball, location: 2F
1-2: Ball
2-2: Ball
3-2: Foul Ball, location: 2F
3-2: SINGLE (Flyball, 89S)
Batting: SHB Sloan James 0-0: Fly out, F7 (Line Drive, 7S)
Batting: SHB Chun-yeong Kim 0-0: Fly out, F4 (Popup, 3DF)
Top of the 3rd over - 0 run(s), 1 hit(s), 0 error(s), 1 left on base; Riverside 6 - Culver City 1
BOTTOM OF THE 3RD
Culver City Extras batting - Pitching for Riverside Red Bulls : RHP Emílio Núñez
Batting: RHB José Toro 0-0: Ball
1-0: Ball
2-0: Foul Ball, location: 2F
2-1: Foul Ball, location: 2F
2-2: Ground out 5-3 (Groundball, 56)
Batting: RHB Roberto Gonzáles 0-0: Called Strike
0-1: Ball
1-1: Called Strike
1-2: DOUBLE (Line Drive, 7LM)
Batting: LHB Alan Olson 0-0: Ball
1-0: Reached on error, E4 (Groundball, 4)
Roberto Gonzáles to third
Batting: RHB Sergio Pujols 0-0: Called Strike
0-1: Called Strike
0-2: Fly out, F5 (Line Drive, 5)
Batting: RHB Marvin Workman 0-0: Ball
1-0: Called Strike
1-1: Ball
2-1: Foul Ball, location: 2F
2-2: Ball
Pickoff Throw to First - Error! E1
Roberto Gonzáles scores
Alan Olson to second
3-2: Base on Balls
Batting: SHB Cipriano Soto 0-0: Ball
1-0: Called Strike
1-1: Foul Ball, location: 2F
1-2: Ball
2-2: Ball
3-2: Base on Balls
Alan Olson to third
Marvin Workman to second
Batting: RHB António Rodríguez 0-0: Ground out 6-3 (Groundball, 6)
Bottom of the 3rd over - 1 run(s), 1 hit(s), 2 error(s), 3 left on base; Riverside 6 - Culver City 2
TOP OF THE 4TH
Riverside Red Bulls batting - Pitching for Culver City Extras : LHP Greg Taylor
Batting: RHB Júlio García 0-0: Swinging Strike
0-1: Foul Ball, location: 2F
0-2: Ground out 1-3 (Groundball, 13)
Batting: RHB Andy Aiton 0-0: Ball
1-0: Ball
2-0: Called Strike
2-1: Foul Ball, location: 2F
2-2: Strikes out swinging
Batting: LHB Jorge Meléndez 0-0: Ball
1-0: Called Strike
1-1: Ball
2-1: Called Strike
2-2: Ball
3-2: Base on Balls
Batting: LHB Aroghetto Dionisotti 0-0: Ball
Throwing error on steal attempt, E2
Jorge Meléndez to third
1-0: Foul Ball, location: 2F
1-1: Fly out, F7 (Flyball, 7S)
Top of the 4th over - 0 run(s), 0 hit(s), 1 error(s), 1 left on base; Riverside 6 - Culver City 2
BOTTOM OF THE 4TH
Culver City Extras batting - Pitching for Riverside Red Bulls : RHP Emílio Núñez
Batting: RHB Axel Guimont 0-0: Ball
1-0: Ball
2-0: Ball
3-0: Base on Balls
Batting: RHB Paul Ayers 0-0: Called Strike
0-1: Ball
1-1: Ball
2-1: Called Strike
2-2: Strikes out swinging
Axel Guimont steals 2nd base
Batter strikes out.
Batting: RHB José Toro 0-0: Called Strike
0-1: Ball
1-1: Ball
2-1: Ground out 6-3 (Groundball, 4M)
Axel Guimont to third
Batting: RHB Roberto Gonzáles 0-0: Foul Ball, location: 2F
0-1: Foul Ball, location: 2F
0-2: Ball
1-2: Strikes out looking
Bottom of the 4th over - 0 run(s), 0 hit(s), 0 error(s), 1 left on base; Riverside 6 - Culver City 2
TOP OF THE 5TH
Riverside Red Bulls batting - Pitching for Culver City Extras : LHP Greg Taylor
Batting: RHB Joe Scott 0-0: Ball
1-0: Ground out 6-3 (Groundball, 6)
Batting: RHB Soshu Nakamura 0-0: Called Strike
0-1: Ball
1-1: Ball
2-1: Foul Ball, location: 2F
2-2: Foul Ball, location: 2F
2-2: Strikes out swinging
Batting: RHB José Zúñiga 0-0: Called Strike
0-1: Ball
1-1: Ball
2-1: Ball
3-1: SINGLE (Flyball, 9LS)
Pitching: RHP Don Barnes
Batting: SHB Sloan James 0-0: Ball
1-0: SINGLE (Line Drive, 7LS)
José Zúñiga to second
Batting: SHB Chun-yeong Kim 0-0: Called Strike
0-1: Ball
1-1: Called Strike
1-2: Foul Ball, location: 2F
1-2: Ball
2-2: Ball
3-2: Strikes out swinging
Top of the 5th over - 0 run(s), 2 hit(s), 0 error(s), 2 left on base; Riverside 6 - Culver City 2
BOTTOM OF THE 5TH
Culver City Extras batting - Pitching for Riverside Red Bulls : RHP Emílio Núñez
Batting: LHB Alan Olson 0-0: Foul Ball, location: 2F
0-1: Fly out, F3 (Flyball, 3SF)
Batting: RHB Sergio Pujols 0-0: SINGLE (Line Drive, 4MD)
Pitching: RHP Derrick Baird
Batting: RHB Marvin Workman 0-0: Called Strike
0-1: Ball
1-1: Swinging Strike
1-2: Foul Ball, location: 2F
1-2: Foul Ball, location: 2F
1-2: Fly out, F9 (Line Drive, 9D)
Batting: SHB Cipriano Soto 0-0: Foul Ball, location: 2F
0-1: Ball
Sergio Pujols steals 2nd base
1-1: Ball
2-1: Foul Ball, location: 2F
2-2: Ground out 3-1 (Groundball, 34)
Bottom of the 5th over - 0 run(s), 1 hit(s), 0 error(s), 1 left on base; Riverside 6 - Culver City 2
TOP OF THE 6TH
Riverside Red Bulls batting - Pitching for Culver City Extras : RHP Don Barnes
Batting: RHB Júlio García 0-0: SINGLE (Line Drive, 8LS)
Batting: RHB Andy Aiton 0-0: Ground out 3-1 (Groundball, 34)
Júlio García to second
Batting: LHB Jorge Meléndez 0-0: Intentional Walk
Batting: LHB Aroghetto Dionisotti 0-0: Ball
1-0: Foul Ball, location: 2F
1-1: Foul Ball, location: 2F
1-2: Ball
2-2: Ball
3-2: Foul Ball, location: 2F
3-2: Fielders Choice at 2nd, 6-4 (Groundball, 6)
Júlio García to third
Batting: RHB Joe Scott 0-0: Ball
1-0: Fly out, F8 (Flyball, 8RM)
Top of the 6th over - 0 run(s), 1 hit(s), 0 error(s), 2 left on base; Riverside 6 - Culver City 2
BOTTOM OF THE 6TH
Culver City Extras batting - Pitching for Riverside Red Bulls : RHP Derrick Baird
Batting: RHB António Rodríguez 0-0: Called Strike
0-1: Ball
1-1: Called Strike
1-2: Ball
2-2: Strikes out swinging passed ball, reaches first!
Batting: RHB Axel Guimont 0-0: Foul Ball, location: 2F
0-1: Foul Ball, location: 2F
0-2: Ball
1-2: Ball
2-2: Foul Ball, location: 2F
2-2: Strikes out looking
Batting: RHB Paul Ayers 0-0: Swinging Strike
0-1: Foul Ball, location: 2F
0-2: Ball
1-2: Ball
2-2: Ball
3-2: Strikes out swinging
António Rodríguez is caught stealing 2nd base
Batter strikes out.
Bottom of the 6th over - 0 run(s), 0 hit(s), 0 error(s), 0 left on base; Riverside 6 - Culver City 2
TOP OF THE 7TH
Riverside Red Bulls batting - Pitching for Culver City Extras : RHP Don Barnes
Batting: RHB Soshu Nakamura 0-0: Ball
1-0: Called Strike
1-1: Called Strike
1-2: Ball
2-2: Ball
3-2: Foul Ball, location: 2F
3-2: Base on Balls
Batting: RHB José Zúñiga 0-0: Called Strike
0-1: Ground out 4-3 (Groundball, 4M)
Soshu Nakamura to second
Batting: SHB Sloan James 0-0: Intentional Walk
Batting: SHB Chun-yeong Kim 0-0: Ball
1-0: Swinging Strike
1-1: Ball
2-1: Ball
3-1: SINGLE (Groundball, 3D)
Soshu Nakamura to third
Sloan James to second
Runner from 3rd tries for Home, SAFE, no throw or cutoff
Batting: RHB Júlio García 0-0: Called Strike
0-1: Foul Ball, location: 2F
0-2: Strikes out swinging
Batting: RHB Andy Aiton 0-0: Ball
1-0: Foul Ball, location: 2F
1-1: Ball
2-1: Ball
3-1: Foul Ball, location: 2F
3-2: Strikes out swinging
Top of the 7th over - 1 run(s), 1 hit(s), 0 error(s), 2 left on base; Riverside 7 - Culver City 2
BOTTOM OF THE 7TH
Culver City Extras batting - Pitching for Riverside Red Bulls : RHP Derrick Baird
Batting: RHB José Toro 0-0: Called Strike
0-1: Foul Ball, location: 2F
0-2: SINGLE (Groundball, 4M)
Batting: RHB Roberto Gonzáles 0-0: Called Strike
0-1: Foul Ball, location: 2F
0-2: Ball
1-2: Strikes out swinging
Pitching: RHP Vaughan Gillespie
Batting: LHB Alan Olson 0-0: Foul Ball, location: 2F
0-1: Ball
1-1: Ball
2-1: Called Strike
2-2: SINGLE (Groundball, 34S)
José Toro to second
Runner from 2nd tries for 3rd, SAFE, no throw or cutoff
Batting: RHB Sergio Pujols 0-0: Ball
1-0: Ball
Alan Olson steals 2nd base
2-0: Called Strike
2-1: Ball
3-1: Base on Balls
Batting: RHB Marvin Workman 0-0: Ball
1-0: Called Strike
1-1: Ball
2-1: Fly out, F8 (Flyball, 8LM)
Runner from 3rd tags up, SCORES, no throw
Batting: SHB Cipriano Soto 0-0: Ball
1-0: Ball
2-0: Ball
3-0: Base on Balls
Alan Olson to third
Sergio Pujols to second
Batting: RHB António Rodríguez 0-0: Ground out 4-3 (Groundball, 4)
Bottom of the 7th over - 1 run(s), 2 hit(s), 0 error(s), 3 left on base; Riverside 7 - Culver City 3
TOP OF THE 8TH
Riverside Red Bulls batting - Pitching for Culver City Extras : RHP Don Barnes
Pitching: RHP Jeff Lynn
Batting: LHB Jorge Meléndez 0-0: SINGLE (Groundball, 3D)
Batting: LHB Aroghetto Dionisotti 0-0: Ball
1-0: Called Strike
1-1: DOUBLE (Line Drive, 3L)
Jorge Meléndez to third
Batting: RHB Joe Scott 0-0: Ground out 6-3 (Groundball, 6)
Jorge Meléndez scores
Aroghetto Dionisotti to third
Batting: RHB Soshu Nakamura 0-0: Swinging Strike
0-1: Called Strike
0-2: Strikes out looking
Batting: RHB José Zúñiga 0-0: Ball
1-0: Called Strike
1-1: Swinging Strike
1-2: Strikes out swinging
Top of the 8th over - 1 run(s), 2 hit(s), 0 error(s), 1 left on base; Riverside 8 - Culver City 3
BOTTOM OF THE 8TH
Culver City Extras batting - Pitching for Riverside Red Bulls : RHP Vaughan Gillespie
Batting: RHB Axel Guimont 0-0: Called Strike
0-1: Ball
1-1: Ground out 5-3 (Groundball, 56)
Batting: RHB Paul Ayers 0-0: Ball
1-0: Ball
2-0: Fly out, F7 (Flyball, 7S)
Batting: RHB José Toro 0-0: Called Strike
0-1: Ball
1-1: Swinging Strike
1-2: Strikes out swinging
Bottom of the 8th over - 0 run(s), 0 hit(s), 0 error(s), 0 left on base; Riverside 8 - Culver City 3
TOP OF THE 9TH
Riverside Red Bulls batting - Pitching for Culver City Extras : RHP Jeff Lynn
Batting: SHB Sloan James 0-0: Called Strike
0-1: Ball
1-1: DOUBLE (Flyball, 89XD)
Batting: SHB Chun-yeong Kim 0-0: Ball
1-0: SINGLE (Groundball, 13) (infield hit)
Sloan James to third
Batting: RHB Júlio García 0-0: Foul Ball, location: 2F
0-1: Ball
1-1: Ball
2-1: Grounds into double play, 5-4-3 (Groundball, 5)
Sloan James scores
Batting: RHB Andy Aiton 0-0: Ball
1-0: Called Strike
1-1: Swinging Strike
1-2: Foul Ball, location: 2F
1-2: Ground out 6-3 (Groundball, 6M)
Top of the 9th over - 1 run(s), 2 hit(s), 0 error(s), 0 left on base; Riverside 9 - Culver City 3
BOTTOM OF THE 9TH
Culver City Extras batting - Pitching for Riverside Red Bulls : RHP Vaughan Gillespie
Batting: RHB Roberto Gonzáles 0-0: SINGLE (Flyball, 8LS)
Batting: LHB Alan Olson 0-0: Ball
1-0: Called Strike
1-1: Fielders Choice at 2nd, 4-6 (Groundball, 4)
Batting: RHB Sergio Pujols 0-0: Ball
1-0: Ball
2-0: Ball
3-0: Called Strike
3-1: Foul Ball, location: 2F
3-2: Strikes out looking
Alan Olson steals 2nd base
Batter strikes out.
Batting: RHB Marvin Workman 0-0: Ball
1-0: DOUBLE (Line Drive, 78M)
Alan Olson scores
Pitching: LHP Dan Frye
Batting: SHB Cipriano Soto 0-0: Ball
1-0: Called Strike
1-1: Called Strike
1-2: Strikes out swinging
Bottom of the 9th over - 1 run(s), 2 hit(s), 0 error(s), 1 left on base; Riverside 9 - Culver City 4
This league is powered by Out of the Park Baseball, the baseball management simulation game for PC, Mac and Linux
Wednesday, December 2nd, 2015 - OOTP Baseball 16.8 Build 38